 Dungeon Crawl Stone Soup version 0.28.0-53-g5a82cb258f (webtiles) character file.

Game seed: 5722208893062029276

2382 Gabide the Spear-Bearer (level 9, 0/65 HPs)
             Began as a Human Monk on May 31, 2022.
             Slain by a wyvern zombie (7 damage)
             ... on level 6 of the Dungeon.
             The game lasted 00:17:29 (8401 turns).

Gabide the Spear-Bearer (Human Monk)                Turns: 8401, Time: 00:17:29

Health: 0/65       AC:  5    Str: 13    XL:     9   Next: 73%
Magic:  9/9        EV: 13    Int: 10    God:
Gold:   338        SH:  0    Dex: 19    Spells: 8/8 levels left

rFire   + . .      SeeInvis .   m - +5 hand axe "Ylod" {speed, rC+}
rCold   + + .      Faith    .   (no shield)
rNeg    . . .      Spirit   .   h - +0 leather armour {rF+}
rPois   .          Reflect  .   (no helmet)
rElec   .          Harm     .   c - +1 cloak
rCorr   .          Rampage  .   (no gloves)
Will    .....                   (no boots)
Stlth   ++........              (no amulet)
HPRegen 0.20/turn               b - ring of protection from cold
MPRegen 0.11/turn               (no ring)

@: lethally poisoned (0 -> -9), studying Air Magic
A: no striking features
a: no special abilities


You were on level 6 of the Dungeon.
You visited 2 branches of the dungeon, and saw 7 of its levels.

You collected 338 gold pieces.

Inventory:

Hand Weapons
 a - a +0 spear
 m - the +5 hand axe "Ylod" (weapon) {speed, rC+}
   (You found it on level 2 of the Dungeon)

   Attacks with this weapon are significantly faster.
   rC:        It protects you from cold.
Missiles
 r - 2 poisoned darts (quivered)
Armour
 c - a +1 cloak (worn)
 h - a +0 leather armour of fire resistance (worn)
 t - a +1 hat
 v - a +0 ring mail
Jewellery
 b - a ring of protection from cold (left hand)
Wands
 j - a wand of flame (18)
Scrolls
 d - a scroll of blinking {unknown}
 e - a scroll of silence {unknown}
 f - a scroll of brand weapon {unknown}
 g - 3 scrolls of immolation
 k - 3 scrolls of amnesia
 l - a scroll of vulnerability {unknown}
 p - a scroll of noise {unknown}
 u - a scroll of enchant armour {unknown}
 x - a scroll of fear {unknown}
Potions
 i - a potion of lignification {unknown}
 n - a potion of resistance {unknown}
 o - a potion of mutation {unknown}
 q - 5 potions of brilliance
 s - a potion of heal wounds
 z - a potion of might {unknown}
 A - a potion of flight {unknown}


   Skills:
 + Level 4.1 Fighting
 + Level 0.9(7.6) Axes
 - Level 12.0 Polearms
 + Level 4.1 Dodging
 - Level 2.0 Stealth


You had 8 spell levels left.
You didn't know any spells.
Your spell library was empty.

Dungeon Overview and Level Annotations

Branches:
Dungeon (6/15)             Temple (1/1) D:5

Altars:
Ashenzari
Cheibriados
Dithmenos
Elyvilon
Fedhas
Gozag
Kikubaaqudgha
Makhleb
Qazlal
Ru
Sif Muna
Trog
Uskayaw
Vehumet
Wu Jian
Xom
Yredelemnul
Zin
The Shining One

Annotations:
D:4 1 runed translucent door, Eitelfritz's ghost, amateur HOFi
D:6 2 transporters


Message History

The centaur misses you. The centaur closely misses you.
You hit the centaur.
The centaur is severely wounded.
The centaur hits you.
* * * LOW HITPOINT WARNING * * *
The centaur barely misses you.
You hit the centaur.
The centaur is almost dead.
The centaur hits you.
* * * LOW HITPOINT WARNING * * *
The centaur closely misses you.
You hit the centaur.
You kill the centaur!
You see here a potion of heal wounds.
s - a potion of heal wounds The wyvern zombie misses you.
The water moccasin bites you.
* * * LOW HITPOINT WARNING * * *
The water moccasin bites you but does no damage.
The water moccasin closely misses you. The water moccasin bites you.
* * * LOW HITPOINT WARNING * * *
You are poisoned.
The water moccasin poisons you!
* * * LOW HITPOINT WARNING * * *
You feel very sick.
* * * LOW HITPOINT WARNING * * *
You feel sick. The water moccasin bites you.
* * * LOW HITPOINT WARNING * * *
You feel better.
The killer bee buzzes angrily.
The water moccasin bites you.
* * * LOW HITPOINT WARNING * * *
The wyvern zombie misses you.
There is a stone staircase leading up, spattered with blood here.
The water moccasin bites you.
* * * LOW HITPOINT WARNING * * *
You are lethally poisoned!
The water moccasin poisons you! The wyvern zombie bites you!
You die...

#....#._.#....#..###...##..
#..#.......#..#..###...####
#.....#.#.....#.........#
####...#.....#.............#
.........#.#...............#
.....................ZZ....#
...........................#
........#####SZ............#
.###...## #..@###.........##
##############..y#############
.....(....P........#
.>.......P.........#
........P.P......).#
........P.........<#
...........'.......#
.....)†....#[......#
'#####..####...##.##


You could see a water moccasin, a killer bee and a wyvern zombie.

Vanquished Creatures
  4 yaks
  Menkaure (D:5)
  Edmund (D:5)
  A water moccasin (D:5)
  2 sky beasts (D:5)
  2 ogres
  A centaur (D:6)
  A kobold brigand (D:4)
  3 scorpions
  A water moccasin skeleton (D:6)
  3 killer bees
  A jelly (D:4)
  2 orc priests
  3 hounds
  Crazy Yiuf (D:4)
  2 bullfrog skeletons (D:5)
  Ijyb (D:5)
  2 iguanas (D:6)
  2 orc wizards
  A howler monkey skeleton (D:5)
  3 gnolls (D:5)
  4 adders
  2 white imps
  A dart slug (D:1)
  11 orcs
  10 ball pythons
  11 endoplasms
  7 giant cockroaches
  7 goblins
  7 hobgoblins
  3 jackals (D:3)
  4 quokkas
  13 bats
  2 frilled lizards
  13 kobolds
  6 rats
139 creatures vanquished.

Vanquished Creatures (others)
  4 withered plants (D:6)
4 creatures vanquished.

Grand Total: 143 creatures vanquished

Notes
Turn   | Place    | Note
-------+----------+-------------------------------------------
     0 | D:1      | Gabide the Human Monk began the quest for the Orb.
     0 | D:1      | Reached XP level 1. HP: 18/18 MP: 1/1
   261 | D:1      | Reached XP level 2. HP: 16/24 MP: 2/2
   795 | D:1      | Reached XP level 3. HP: 29/29 MP: 3/3
   814 | D:1      | Found a faded altar of an unknown god.
  1544 | D:2      | Identified the +5 hand axe "Ylod" {speed, rC+}
  1859 | D:2      | Found a burning altar of Makhleb.
  1915 | D:2      | Reached XP level 4. HP: 35/35 MP: 4/4
  2224 | D:3      | Found a blossoming altar of Fedhas.
  2586 | D:4      | Noticed a scorpion
  2590 | D:4      | Killed a scorpion
  2591 | D:4      | Reached skill level 4 in Polearms
  2591 | D:4      | Reached XP level 5. HP: 42/42 MP: 5/5
  2660 | D:4      | Reached XP level 6. HP: 8/48 MP: 6/6
  2928 | D:4      | Found a runed translucent door.
  2929 | D:4      | Noticed Crazy Yiuf
  2979 | D:4      | Killed Crazy Yiuf
  2980 | D:4      | Reached skill level 5 in Polearms
  3062 | D:4      | Found a runed translucent door.
  3118 | D:4      | HP: 2/48 [poisoned by a kobold brigand]
  3127 | D:5      | Entered Level 5 of the Dungeon
  3553 | D:4      | Found a glowing golden altar of the Shining One.
  3568 | D:4      | Found a broken altar of Ashenzari.
  3568 | D:4      | Found a sacrificial altar of Ru.
  3623 | D:4      | Reached skill level 6 in Polearms
  3768 | D:4      | Noticed Eitelfritz's ghost (amateur HOFi)
  3802 | D:4      | Reached XP level 7. HP: 14/54 MP: 7/7
  4363 | D:5      | Reached skill level 7 in Polearms
  4710 | D:5      | Noticed Menkaure
  4716 | D:5      | Killed Menkaure
  4717 | D:5      | Reached skill level 8 in Polearms
  4717 | D:5      | Reached XP level 8. HP: 31/60 MP: 8/8
  4868 | D:5      | Noticed Edmund
  5133 | D:5      | Found a staircase to the Ecumenical Temple.
  5146 | Temple   | Entered the Ecumenical Temple
  5447 | D:5      | Killed Edmund
  5448 | D:5      | Reached skill level 9 in Polearms
  5978 | D:5      | Noticed Ijyb
  5991 | D:5      | Killed Ijyb
  6472 | D:6      | Reached skill level 10 in Polearms
  6681 | D:5      | Reached XP level 9. HP: 45/65 MP: 9/9
  6999 | D:6      | Found a radiant altar of Vehumet.
  7316 | D:6      | Reached skill level 11 in Polearms
  8102 | D:6      | Reached skill level 12 in Polearms
  8197 | D:6      | Found a transporter.
  8197 | D:6      | Found a transporter.
  8401 | D:6      | Slain by a wyvern zombie

Illustrated notes

Levels and vault maps discovered:
D:1:      evilmike_arrival_crescent, layout_loops_ring,
          hellmonk_ecumenical_altar_slurped_away, minmay_misc_feat_columns
D:2:      layout_loops_cross, basic_altar
D:3:      layout_rooms, fedhas_altar_2
D:4:      cheibrodos_thug_alley, layout_basic, grunt_temple_overflow_open,
          ebering_ghost_reflecting_pool, uniq_crazy_yiuf_cottage
D:5:      layout_loops_ring, minmay_temple_entry_sparse_star, uniq_ijyb,
          uniq_menkaure, uniq_edmund
D:6:      layout_gridville, nicolae_vehumet_radiance, gammafunk_ghost_hive,
          serial_undead, serial_undead_b, serial_undead_e, serial_undead_e,
          serial_undead_e
Temple:   minmay_temple_curvy_branch

Skill      XL: |  1  2  3  4  5  6  7  8  9 |
---------------+----------------------------+-----
Fighting       | 4 |  4.1
Polearms       | 4 6 8 10 12 | 12.0
Dodging        | 4 |  4.1
Axes           | |  0.9
Stealth        | |  2.0

Action                   |  1- 3 |  4- 6 |  7- 9 || total
-------------------------+-------+-------+-------++-------
Melee: Spear             |   117 |    12 |       ||   129
       Hand axe          |     9 |   123 |   252 ||   384
       Punch             |     1 |       |     1 ||     2
Throw: Dart              |       |     9 |    33 ||    42
Evoke: Wand              |       |     9 |    21 ||    30
  Use: Scroll            |       |     5 |     5 ||    10
       Potion            |       |     3 |     4 ||     7
 Stab: Sleeping          |    10 |     3 |     1 ||    14
       Distracted        |     1 |       |       ||     1
       Invisible         |       |     2 |       ||     2
Armor: Robe              |    14 |     3 |       ||    17
       Leather armour    |       |    15 |    38 ||    53
       Ring mail         |       |       |     9 ||     9
Dodge: Dodged            |    64 |    51 |   124 ||   239
